 Dungeon Crawl Stone Soup version 0.31-a0-174-g85c54bcb58 (webtiles) character file.

Game seed: 11773657837818043423

340 jasper the Sneak (level 6, 0/43 HPs)
             Began as a Spriggan Artificer on June 15, 2023.
             Was a Believer of Ru.
             Slain by an adder (3 damage)
             ... in a sewer.
             The game lasted 00:06:33 (3311 turns).

jasper the Sneak (Spriggan Artificer)               Turns: 3311, Time: 00:06:33

Health: 0/43       AC: 23    Str:  8    XL:     6   Next: 30%
Magic:  7/7        EV:  1    Int: 15    God:    Ru [**....]
Gold:   234        SH:  0    Dex: 15    Spells: 5/5 levels left

rFire   . . .        (weapon restricted)
rCold   . . .        (shield unavailable)
rNeg    . . .        b - melded +0 robe
rPois   +            (helmet currently unavailable)
rElec   .            (cloak currently unavailable)
rCorr   +            (gloves unavailable)
SInv    +            (boots unavailable)
Will    +....        (no amulet)
Stlth   ++++         (ring unavailable)
HPRegen 0.27/turn    i - ring of resist corrosion
MPRegen 0.10/turn

%: no passive effects
@: tree-form, constricted, invisible
A: stationary, stasis, torment immunity, boosted hp, very small, no large
weapons, unfitting armour, see invisible, (speed 3), missing a hand
a: Renounce Religion


You were in a sewer.
You worshipped Ru.
Ru was pleased with you.
You were a tree.
You visited 1 branch of the dungeon, and saw 4 of its levels.
You also visited: Sewer.

You collected 234 gold pieces.

Inventory:

Hand Weapons
 a - a +0 club
 c - a +4 dagger of venom
 f - a +0 short sword
 k - a +0 dagger
 l - a +2 dagger of holy wrath
Missiles
 g - 42 stones
 t - 7 poisoned darts
Armour
 b - a +0 robe (melded)
Jewellery
 i - a ring of resist corrosion (right branch)
 r - a ring of protection from fire
Wands
 d - a wand of charming (15)
 e - a wand of iceblast (4)
Potions
 h - a potion of attraction {unknown}
 q - 2 potions of magic
 s - a potion of enlightenment
 w - a potion of curing {unknown}
 z - 2 potions of might {unknown}


   Skills:
 - Level 0.7 Fighting
 + Level 4.7 Short Blades
 - Level 3.2 Dodging
 + Level 7.3 Stealth
 - Level 4.0 Evocations


You had 5 spell levels left.
You didn't know any spells.
Your spell library contained the following spells:

 Spells                   Type           Power      Damage    Failure   Level
 Necrotise                Necr           0%         1d4       26%         1
 Sublimation of Blood     Necr           0%         N/A       38%         2
 Vampiric Draining        Necr           0%         2d6       63%         3
 Petrify                  Tmut/Erth      0%         N/A       95%         4
 Agony                    Necr           0%         N/A       100%        5
 Irradiate                Conj/Tmut      0%         3d11      100%        5


Dungeon Overview and Level Annotations

Branches:
Dungeon (4/15)              Sewer (1/1)
 Temple: D:4-7

Altars:
Ru

Annotations:
D:2 1 runed translucent door, Crazy Yiuf


Innate Abilities, Weirdness & Mutations

You are a tree.
Your roots penetrate the ground, keeping you stationary.
You cannot be teleported.
You are immune to unholy pain and torment.
Your maximum health is greatly increased.
Your equipment is partially melded.
You are very small and have problems with some larger weapons.
You are too small for most types of armour.
You have supernaturally acute eyesight. (SInv)
((You cover ground extremely quickly. (Speed+++)))
You are missing a hand.


Message History

The ball python bites you but does no damage.
The adder bites you but does no damage.
The bullfrog hits you but does no damage.
You barely miss the bullfrog.
The bullfrog is almost dead.
The bullfrog hits you.
* * * LOW HITPOINT WARNING * * *
The ball python bites you but does no damage.
The ball python constricts you.
The bullfrog is stunned by your conviction and fails to attack.
The adder bites you but does no damage.
The ball python bites you but does no damage.
The bullfrog hits you but does no damage. x2
You take 3 damage, and have 8/43 hp.
You smack the bullfrog!
You kill the bullfrog!
The ball python completely misses you. The ball python constricts you.
You redirect the adder's attack!
The adder closely misses itself.
The ball python completely misses you. The bullfrog hits you.
* * * LOW HITPOINT WARNING * * *
The ball python bites you but does no damage. x2
The ball python constricts you.
Your Stealth skill increases to level 7!
You take 2 damage, and have 6/43 hp.
Okay, then.
You hit the bullfrog.
The bullfrog is lightly wounded.
The adder bites you but does no damage.
The bullfrog hits you but does no damage.
The ball python bites you but does no damage. x2
The ball python constricts you. The adder barely misses you.
The bullfrog hits you but does no damage.
It was a potion of invisibility.
You fade into invisibility!
The ball python bites you but does no damage. x3
The bullfrog hits you.
* * * LOW HITPOINT WARNING * * *
The adder bites you.
You die...

~~~~.#
#..##.~~~.##
≈~≈≈≈#
#####≈≈~≈≈≈#
≈~≈≈≈#
#≈≈~≈≈≈#
≈≈~~≈#
#≈≈~≈≈≈#
≈≈≈≈~#
#≈≈~~≈≈#
≈≈≈~~#
#≈≈≈~≈≈#
.~..##
#≈≈≈~#≈#
.[!~
#≈≈≈S†≈#
#≈≈≈S♣S#
#≈≈≈SFS#
#≈≈≈≈J≈#
#≈≈≈~#≈#
#≈≈~~≈≈#
#≈≈~≈≈≈#
#≈≈~≈≈≈#
#≈≈#~≈≈#
##..~.##


You could see a bullfrog (unable to see you), an adder (unable to see you), an
endoplasm and 4 ball pythons.

Vanquished Creatures
  A bullfrog (Sewer)
  A hound (D:4)
  2 orc priests (D:4)
  3 river rats (Sewer)
  6 adders
  A dart slug (D:3)
  8 orcs
  16 ball pythons
  4 endoplasms (D:1)
  4 giant cockroaches
  6 goblins
  5 hobgoblins
  8 jackals (D:1)
  2 quokkas
  4 bats
  4 frilled lizards
  5 kobolds
  22 rats
102 creatures vanquished.

Vanquished Creatures (others)
  A ball python (Sewer)
1 creature vanquished.

Grand Total: 103 creatures vanquished

Notes
Turn   | Place    | Note
-------+----------+-------------------------------------------
     0 | D:1      | jasper the Spriggan Artificer began the quest for the Orb.
     0 | D:1      | Reached XP level 1. HP: 9/9 MP: 2/2
    38 | D:1      | Reached skill level 2 in Stealth
   250 | D:1      | Reached skill level 1 in Short Blades
   250 | D:1      | Reached XP level 2. HP: 14/14 MP: 3/3
   293 | D:1      | Reached skill level 3 in Stealth
   570 | D:1      | Reached XP level 3. HP: 12/17 MP: 4/4
  1009 | D:2      | Reached skill level 4 in Stealth
  1707 | D:2      | Found a runed translucent door.
  1708 | D:2      | Noticed Crazy Yiuf
  1966 | D:3      | Reached XP level 4. HP: 21/21 MP: 5/5
  2064 | D:3      | Found a sacrificial altar of Ru.
  2072 | D:3      | Became a worshipper of Ru the Awakened
  2233 | D:3      | Reached skill level 5 in Stealth
  2975 | D:4      | Reached XP level 5. HP: 25/25 MP: 6/6
  2977 | D:4      | Reached skill level 6 in Stealth
  3043 | D:4      | Found a glowing drain.
  3055 | Sewer    | Entered a sewer
  3208 | Sewer    | Reached XP level 6. HP: 15/29 MP: 7/7
  3284 | Sewer    | Gained mutation: You are missing a hand. [Ru sacrifice]
  3284 | Sewer    | Reached * piety under Ru
  3284 | Sewer    | Reached ** piety under Ru
  3310 | Sewer    | Reached skill level 7 in Stealth
  3311 | Sewer    | Slain by an adder

Illustrated notes

Levels and vault maps discovered:
D:1:      evilmike_arrival_home_sweet_home, layout_loops_ring
D:2:      layout_loops_ring, uniq_crazy_yiuf_cottage
D:3:      minmay_recursive_quarters, layout_loops_ring,
          nicolae_ru_sacrificial_ziggurat, corner_web_ring
D:4:      layout_loops_ring, vehumet_altar_wand_db,
          lemuel_coloured_pillars_altar, hellmonk_ghost_happy_afterlife,
          portal_sewer_entry_b
Sewer:    sewer_minmay_w

Skill      XL: |  1  2  3  4  5  6 |
---------------+-------------------+-----
Stealth        | 2 3 4 5 6 7 |  7.3
Short Blades   | 1 2 3 4 |  4.7
Fighting       | |  0.7
Dodging        | |  3.2
Evocations     | |  4.0

Action                     |  1- 3 |  4- 6 || total
---------------------------+-------+-------++-------
  Melee: Short sword       |    99 |       ||    99
         Punch             |     2 |       ||     2
         Dagger            |    30 |   121 ||   151
         Unarmed           |       |     9 ||     9
 Invoke: Sacrifice a Hand  |       |     1 ||     1
  Evoke: Wand              |    14 |     2 ||    16
    Use: Scroll            |     1 |     8 ||     9
         Potion            |     1 |     3 ||     4
   Stab: Sleeping          |    12 |     8 ||    20
 Armour: Robe              |    11 |    11 ||    22
         Skin              |     1 |    50 ||    51
  Dodge: Dodged            |   102 |   132 ||   234

Table legend: (Time is in decaauts)
 A = Elapsed time spent in this place.
 B = Non-inter-level travel time spent in this place.
 C = Inter-level travel time spent in this place.
 D = Time resting spent in this place.
 E = Time spent auto-exploring this place.
 F = Levels seen in this place.
 G = Mean time per level.
                   A        B        C        D        E       F      G
               +--------+--------+--------+--------+--------+-----+--------+
         Total |   2389 |   2316 |     73 |    273 |   1379 |   5 |  477.8 |
       Dungeon |   2152 |   2079 |     73 |    239 |   1334 |   4 |  538.0 |
         Sewer |    237 |    237 |      0 |     34 |     45 |   1 |  237.0 |
               +--------+--------+--------+--------+--------+-----+--------+

Top non-repeatable levels by time:
     D:3: 779 daAuts
     D:1: 741 daAuts
     D:2: 515 daAuts
   Sewer: 237 daAuts
     D:4: 115 daAuts
